 Dungeon Crawl Stone Soup version 0.23.0 (webtiles) character file.

Game seed: 14858677985186569364

3094 dengdeng the Cruncher (level 9, -5/79 HPs)
             Began as a Minotaur Berserker on Feb 14, 2019.
             Was a High Priest of Trog.
             Killed from afar by an electric eel (7 damage)
             ... with a bolt of electricity
             ... on level 8 of the Dungeon.
             The game lasted 00:22:03 (6864 turns).

dengdeng the Cruncher (Minotaur Berserker)          Turns: 6864, Time: 00:22:04

Health: -5/79      AC: 17    Str: 26    XL:     9   Next: 59%
Magic:  8/8        EV: 10    Int:  4    God:    Trog [*****.]
Gold:   226        SH:  0    Dex: 11    Spells: 8/8 levels left

rFire    . . .     SeeInvis .   S - +0 battleaxe
rCold    . . .     Gourm    .   (shield currently unavailable)
rNeg     . . .     Faith    .   Q - +3 chain mail {MR+}
rPois    +         Spirit   .   (helmet restricted)
rElec    .         Reflect  .   z - +0 cloak
rCorr    .         Harm     .   r - +0 pair of gloves
MR       +....                  I - +0 pair of boots
Stlth    ..........             (no amulet)
HPRegen  0.23/turn              j - ring of poison resistance
MPRegen  0.11/turn              A - +2 ring of dexterity

@: berserk cooldown, slowed, very slow
A: retaliatory headbutt, horns 2
a: Berserk, Trog's Hand, Brothers in Arms, Renounce Religion


You were on level 8 of the Dungeon.
You worshipped Trog.
Trog was extremely pleased with you.
You were very hungry.

You visited 1 branch of the dungeon, and saw 8 of its levels.

You collected 259 gold pieces.
You spent 33 gold pieces at shops.

Inventory:

Hand Weapons
 a - a +0 hand axe
 t - a +2 short sword of draining
 u - a +0 hand axe of chopping
 y - a +4 quarterstaff of chaos
 H - a +0 war axe
 S - a +0 battleaxe (weapon)
 T - a cursed +3 spear of freezing
Missiles
 b - 147 stones (quivered)
 m - 9 tomahawks
 w - 6 steel tomahawks
Armour
 r - a +0 pair of gloves (worn)
 z - a +0 cloak (worn)
 I - a +0 pair of boots (worn)
 Q - a +3 chain mail of magic resistance (worn)
Jewellery
 j - a ring of poison resistance (left hand)
 A - a +2 ring of dexterity (right hand)
 D - an uncursed ring of magical power {unknown}
 M - an uncursed ring of flight {unknown}
 N - a +5 amulet of reflection {unknown}
Wands
 F - a wand of iceblast (17)
 G - a wand of acid (5)
 L - a wand of random effects (19)
Scrolls
 d - 4 scrolls of identify {unknown}
 g - 4 scrolls of remove curse
 i - 2 scrolls of random uselessness {unknown}
 k - 4 scrolls of teleportation {unknown}
 o - 2 scrolls of fear {unknown}
 q - 4 scrolls of enchant armour {unknown}
 s - 2 scrolls of magic mapping {unknown}
 E - 2 scrolls of amnesia {unknown}
 J - a scroll of blinking {unknown}
 O - a scroll of noise {unknown}
Potions
 e - a potion of cancellation {unknown}
 f - a potion of brilliance {unknown}
 h - a potion of agility {unknown}
 l - a potion of invisibility {unknown}
 n - 7 potions of heal wounds {unknown}
 p - 5 potions of curing
 v - 4 potions of haste {unknown}
 x - 5 potions of resistance {unknown}
 B - a potion of degeneration {unknown}
 C - 2 potions of lignification {unknown}
 K - a potion of might {unknown}
 P - a potion of flight {unknown}
Comestibles
 c - 15 rations
 R - 4 chunks of flesh


   Skills:
 + Level 7.3 Fighting
 + Level 1.7 Short Blades
 + Level 7.7 Axes
 + Level 9.4 Staves
 + Level 0.9 Throwing
 + Level 7.8 Armour
 + Level 3.9 Dodging
 + Level 1.4 Stealth


You had 8 spell levels left.
You didn't know any spells.
Your spell library was empty.

Dungeon Overview and Level Annotations

Branches:
Dungeon (8/15)             Temple (0/1) D:7
   Lair: D:8-11

Altars:
Cheibriados
Hepliaklqana
Kikubaaqudgha
Makhleb
Nemelex Xobeh
Okawaru
Qazlal
Ru
Sif Muna
Uskayaw
Vehumet
Wu Jian
Yredelemnul
The Shining One

Shops:
D:5 *   D:6 *


Innate Abilities, Weirdness & Mutations

You reflexively headbutt those who attack you in melee.
You have a pair of horns on your head.


Message History

You feel yourself slow down.
You hit the electric eel.
The electric eel is lightly wounded.
Your unstable footing causes you to fumble your attack.
The electric eel shoots out a bolt of lightning at you!
The bolt of electricity hits you!
* * * LOW HITPOINT WARNING * * *
A leopard gecko zombie comes into view.
The electric eel shoots out a bolt of lightning at you!
The bolt of electricity misses you.
You closely miss the electric eel. Your headbutt misses the electric eel.
The electric eel is lightly wounded.
You miss the electric eel. Your headbutt misses the electric eel.
The electric eel is lightly wounded.
The electric eel shoots out a bolt of lightning at you!
The bolt of electricity hits you but does no damage.
Unknown command.
The electric eel shoots out a bolt of lightning at you!
The bolt of electricity hits you!
You die...

≈............≈.
............≈..
≈...........≈...
≈≈≈......≈...≈..?
≈≈≈....≈≈≈≈......
≈≈≈....≈≈≈≈......
≈≈≈....≈≈≈≈......
≈≈≈......†;......
≈≈≈......@†Z.......
≈≈≈.....)..........#
................≈..#
....≈....≈≈≈.......#
.......(≈≈≈≈≈≈.....#
....≈≈..≈≈≈≈≈≈.....#
.....(..(..........#
.........(.÷......#
......($...(..<..##


You could see an electric eel and a leopard gecko zombie.

Vanquished Creatures
  A two-headed ogre (D:7)
  A wyvern (D:8)
  An orc warrior (D:7)
  An ice beast (D:6)
  A necrophage (D:6)
  3 ogres
  2 phantoms (D:7)
  A centaur (D:8)
  A bullfrog (D:7)
  2 scorpions
  4 wights (D:7)
  An electric eel (D:8)
  4 howler monkeys
  A hound (D:4)
  Crazy Yiuf (D:3)
  2 orc priests (D:7)
  A centaur skeleton (D:6)
  An iguana (D:4)
  Jessica (D:2)
  A bullfrog skeleton (D:6)
  8 orc wizards
  8 worker ants
  2 hound skeletons
  A hound zombie (D:6)
  2 worker ant zombies
  Robin (D:2)
  9 gnolls
  A howler monkey skeleton (D:5)
  10 adders
  An ooze (D:6)
  2 worms
  2 dart slugs
  6 leopard geckos
  21 orcs
  10 bats
  6 giant cockroaches
  15 goblins
  12 hobgoblins
  13 jackals
  A quokka (D:4)
  4 ball pythons
  A frilled lizard (D:1)
  A jackal skeleton (D:4)
  9 kobolds
  5 rats
182 creatures vanquished.

Notes
Turn   | Place    | Note
-------+----------+-------------------------------------------
     0 | D:1      | dengdeng the Minotaur Berserker began the quest for the
                  | Orb.
     0 | D:1      | Reached XP level 1. HP: 19/19 MP: 0/0
   119 | D:1      | Reached XP level 2. HP: 27/27 MP: 1/1
  1204 | D:2      | Reached XP level 3. HP: 33/33 MP: 2/2
  1259 | D:2      | Reached ** piety under Trog
  1315 | D:2      | Noticed Jessica
  1323 | D:2      | Killed Jessica
  1323 | D:2      | Reached skill level 5 in Axes
  1323 | D:2      | Reached XP level 4. HP: 40/40 MP: 3/3
  1423 | D:2      | Noticed Robin
  1441 | D:2      | Killed Robin
  1819 | D:2      | Reached XP level 5. HP: 43/46 MP: 4/4
  1824 | D:2      | Found a sacrificial altar of Ru.
  2086 | D:2      | Reached *** piety under Trog
  2106 | D:2      | Found an ancient bone altar of Kikubaaqudgha.
  2317 | D:2      | Found a deep blue altar of Sif Muna.
  2319 | D:2      | Found a radiant altar of Vehumet.
  2508 | D:3      | Received a gift from Trog
  2714 | D:3      | Found a runed translucent door.
  2715 | D:3      | Noticed Crazy Yiuf
  2964 | D:3      | Killed Crazy Yiuf
  3026 | D:4      | Reached XP level 6. HP: 54/55 MP: 5/5
  3037 | D:4      | Reached skill level 1 in Short Blades
  3196 | D:4      | Reached skill level 5 in Fighting
  3196 | D:4      | Reached skill level 1 in Staves
  3595 | D:4      | Reached XP level 7. HP: 59/61 MP: 6/6
  3709 | D:4      | Reached skill level 2 in Staves
  3808 | D:4      | Reached skill level 3 in Staves
  3946 | D:4      | Reached **** piety under Trog
  4427 | D:4      | Reached skill level 4 in Staves
  4529 | D:5      | Entered Level 5 of the Dungeon
  4583 | D:5      | Found an iron altar of Okawaru.
  4585 | D:5      | Found a basalt altar of Yredelemnul.
  4585 | D:5      | Found a sparkling altar of Nemelex Xobeh.
  4587 | D:5      | Found a snail-covered altar of Cheibriados.
  4587 | D:5      | Found a glowing golden altar of the Shining One.
  4607 | D:5      | Found Ofruak's General Store.
  4623 | D:5      | Bought a potion of curing for 33 gold pieces
  5137 | D:5      | Reached skill level 5 in Armour
  5137 | D:5      | Reached XP level 8. HP: 70/70 MP: 7/7
  5503 | D:6      | Found Weheuppyrgh's Assorted Antiques.
  5509 | D:6      | Reached skill level 5 in Staves
  5625 | D:6      | Found an ornate altar of the Wu Jian Council.
  5935 | D:6      | Found a burning altar of Makhleb.
  5941 | D:6      | Reached skill level 6 in Staves
  6047 | D:7      | Found a hazy altar of Hepliaklqana.
  6110 | D:7      | Noticed a +0 hand axe
  6110 | D:7      | Noticed a +0 dagger
  6113 | D:7      | Reached skill level 1 in Stealth
  6118 | D:7      | Found a hide-covered altar of Uskayaw.
  6193 | D:7      | Noticed a two-headed ogre
  6200 | D:7      | Killed a two-headed ogre
  6200 | D:7      | Reached skill level 8 in Staves
  6200 | D:7      | Reached XP level 9. HP: 70/78 MP: 8/8
  6243 | D:7      | Found a staircase to the Ecumenical Temple.
  6265 | D:7      | Found a faded altar of an unknown god.
  6394 | D:7      | Reached skill level 9 in Staves
  6468 | D:7      | Reached ***** piety under Trog
  6707 | D:7      | Found a stormy altar of Qazlal.
  6861 | D:8      | HP: 1/79 [electric eel/bolt of electricity (9)]
  6864 | D:8      | Killed from afar by an electric eel

Skill      XL: |  1  2  3  4  5  6  7  8  9 |
---------------+----------------------------+-----
Axes           | 4 5 6 7 |  7.7
Fighting       | 4 5 6 7 |  7.3
Dodging        | 3 |  3.9
Short Blades   | 1 |  1.7
Staves         | 1 4 8 9 |  9.4
Armour         | 3 5 7 |  7.8
Stealth        | 1 |  1.4
Throwing       | |  0.9

Action                   |  1- 3 |  4- 6 |  7- 9 || total
-------------------------+-------+-------+-------++-------
Melee: Hand axe          |    65 |    81 |    21 ||   167
       Headbutt          |    12 |    27 |    37 ||    76
       Short sword       |       |    28 |       ||    28
       Quarterstaff      |       |    24 |   163 ||   187
       Battleaxe         |       |       |    27 ||    27
Throw: Stone             |       |     1 |     9 ||    10
Invok: Berserk           |     1 |     2 |     2 ||     5
  Use: Scroll            |       |     2 |       ||     2
 Stab: Paralysed         |       |       |     1 ||     1
       Confused          |       |       |     1 ||     1
  Eat: Chunk             |     2 |     8 |    12 ||    22
Armor: Animal skin       |     3 |    10 |       ||    13
       Chain mail        |       |    24 |    92 ||   116
       Skin              |       |     1 |       ||     1
Dodge: Dodged            |    49 |    77 |    84 ||   210
